 Dungeon Crawl Stone Soup version 0.16-a0-3939-g9a3e665 (webtiles) character file.

2792 abixa the Grappler (level 9, -3/83 HPs)
             Began as a Troll Monk on Feb 6, 2015.
             Was a Believer of Qazlal.
             Killed from afar by a gargoyle (23 damage)
             ... with a stone arrow
             ... on level 8 of the Dungeon.
             The game lasted 00:22:01 (6166 turns).

abixa the Grappler (Troll Monk)                     Turns: 6166, Time: 00:22:01

Health: -3/83      AC:  6    Str: 21    XL:     9   Next: 43%
Magic:  8/9        EV: 11    Int:  6    God:    Qazlal [**....]
Gold:   672        SH:  2    Dex: 15    Spells: 0 memorised, 8 levels left

rFire  . . .     SeeInvis .       - Unarmed
rCold  . . .     Clarity  .     a - +0 robe
rNeg   + . .     SustAb   .     (shield restricted)
rPois  .         Gourm    +     (helmet restricted)
rElec  .         Spirit   .     F - +0 cloak
rCorr  .         Warding  .     (gloves unavailable)
rMut   .         Stasis   .     (boots unavailable)
MR     .....                    P - amulet of regeneration
Stlth  +.........               j - ring of positive energy
                                O - ring of flight (curse)

@: not resistant to hostile enchantments, very unstealthy
A: unfitting armour, claws 3, fast metabolism 3, gourmand, regeneration 2,
shaggy fur 1, tough skin 2
a: Upheaval, Renounce Religion, Evoke Flight


You were on level 8 of the Dungeon.
You worshipped Qazlal.
Qazlal was pleased with you.
You were near starving.

You visited 2 branches of the dungeon, and saw 9 of its levels.
You also visited: Ossuary.

You collected 672 gold pieces.

Inventory:

Hand weapons
 o - the +2 mace of the Valley of Death {holy, rPois+ rC- Str+4 Int-5 Dex-3}
   (You found it on level 6 of the Dungeon)

   It has been blessed by the Shining One to cause great damage to the undead
   and demons.
   It affects your strength (+4).
   It affects your intelligence (-5).
   It affects your dexterity (-3).
   It makes you vulnerable to cold.
   It protects you from poison.
 y - the +9 halberd of Instant Death {chop, Str+3}
   (You found it on level 6 of the Dungeon)

   It inflicts extra damage upon your enemies.
   It affects your strength (+3).
 K - a +1 short sword of venom
 M - a +0 blowgun
Missiles
 d - 3 javelins
 q - 239 stones (quivered)
 s - 71 sling bullets
 E - 5 large rocks
 G - 14 poisoned needles
 H - 10 tomahawks
Armour
 a - a +0 robe (worn)
 F - a +0 cloak (worn)
Jewellery
 j - a ring of positive energy (right claw)
 O - a cursed ring of flight (left claw)
 P - an amulet of regeneration (around neck)
Magical devices
 t - a wand of polymorph (8)
 D - a wand of random effects (13)
 J - a wand of disintegration (13)
Scrolls
 c - 4 scrolls of remove curse
 e - a scroll of noise {unknown}
 h - 4 scrolls of magic mapping {unknown}
 i - 5 scrolls of identify {unknown}
 k - 3 scrolls of teleportation {unknown}
 m - a scroll of recharging {unknown}
 r - 5 scrolls of enchant weapon {unknown}
 u - a scroll of fog {unknown}
 x - a scroll of random uselessness {unknown}
 Q - a scroll of vulnerability {unknown}
Potions
 g - a potion of ambrosia {unknown}
 l - a potion of beneficial mutation {unknown}
 n - a potion of degeneration {unknown}
 p - a potion of agility {unknown}
 z - 2 potions of brilliance {unknown}
 B - a potion of cure mutation {unknown}
 C - a potion of might {unknown}
 I - a potion of cancellation {unknown}
 N - 2 potions of mutation {unknown}
Books
 v - a Fen Folio

   Spells                             Type                      Level
   a - Corpse Rot                     Necromancy                   2
   b - Stone Arrow                    Conjuration/Earth            3
   c - Leda's Liquefaction            Hexes/Earth                  4
   d - Summon Forest                  Summoning/Translocation      5
   e - Hydra Form                     Transmutation                6
   f - Summon Hydra                   Summoning                    7
 L - a book of Burglary

   Spells                             Type                      Level
   a - Swiftness                      Charms/Air                   2
   b - Passwall                       Transmutation/Earth          3
   c - Passage of Golubria            Translocation                4
   d - Lee's Rapid Deconstruction     Earth                        5
   e - Invisibility                   Hexes                        6
   f - Darkness                       Hexes                        7
Comestibles
 b - 6 meat rations
 f - 5 bread rations
 w - 4 slices of pizza
 A - a beef jerky


   Skills:
 - Level 3.4 Fighting
 - Level 7.0 Throwing
 - Level 3.3 Dodging
 - Level 1.1 Stealth
 - Level 9.7 Unarmed Combat
 + Level 3.2 Invocations


You had 8 spell levels left.
You didn't know any spells.

Dungeon Overview and Level Annotations

Branches:
Dungeon (8/15)             Temple (1/1) D:7
   Lair: D:8-11

Altars:
Ashenzari
Dithmenos
Elyvilon
Fedhas
Gozag
Kikubaaqudgha
Nemelex Xobeh
Qazlal
Ru
Sif Muna
Trog
Xom
Yredelemnul
The Shining One


Innate Abilities, Weirdness & Mutations

You are too large for most types of armour.
You have claws for hands.
Your metabolism is lightning-fast.
You like to eat raw meat.
You heal very quickly.
You are covered in fur (AC +1).
You have very tough skin (AC +2).


Message History

The stone arrow misses you.
You see here a hound corpse.
You barely miss the gargoyle. Your claw misses the gargoyle.
You scratch the gargoyle but do no damage.
The gargoyle misses you.
You barely miss the gargoyle. The gargoyle completely misses you.
You scratch the gargoyle but do no damage.
You claw the gargoyle!
The gargoyle is heavily damaged.
The gargoyle hurls a stone arrow at you.
The stone arrow hits you!
You barely miss the gargoyle.
The gargoyle is heavily damaged.
The gargoyle hits you with a flail!!
* * * LOW HITPOINT WARNING * * *
You claw the gargoyle!
The gargoyle is almost destroyed.
The gargoyle hurls a stone arrow at you.
The stone arrow hits you!
You die...

######>.......+
#.............#
#.............#####
#..........)......#
#......#.#'#.)###.#
#......#.#.#<.#
#.......#.#....#
.###ยง###.#....#
#.9@...#......
#..############
#####.............
#..................
#...######....#####
.... #:....9...#
### #....(....#
#.........#
#.........#


You could see a gargoyle.

Vanquished Creatures
  Prince Ribbit (D:4)
  A vampire (D:8)
  A hungry ghost (D:8)
  3 ogres
  2 orc warriors (D:6)
  A sky beast (D:7)
  A phantom (D:3)
  2 big kobolds
  4 giant frogs
  2 scorpions
  3 goliath beetles
  2 jellies (D:6)
  A giant frog skeleton (D:8)
  4 crimson imps
  An orc wizard (D:7)
  2 human zombies (Ossuary)
  3 hounds
  An orc priest (D:7)
  3 iguanas
  8 worker ants
  5 big kobold zombies (Ossuary)
  A hound skeleton (D:7)
  3 mummies
  8 adders
  4 gnolls (D:5)
  3 shadow imps (D:8)
  2 worms (D:2)
  3 giant geckos
  2 oozes
  18 orcs
  13 bats
  2 bat zombies (D:7)
  10 goblins
  12 hobgoblins
  12 jackals
  10 giant cockroaches
  6 giant newts
  2 gnoll zombies (Ossuary)
  3 goblin zombies (Ossuary)
  21 kobolds
  2 orc zombies (Ossuary)
  2 quokkas
  10 rats
200 creatures vanquished.

Vanquished Creatures (others)
  A scorpion (D:7)
  A worker ant (D:7)
2 creatures vanquished.

Grand Total: 202 creatures vanquished

Notes
Turn   | Place    | Note
--------------------------------------------------------------
     0 | D:1      | abixa, the Troll Monk, began the quest for the Orb.
     0 | D:1      | Reached XP level 1. HP: 22/22 MP: 1/1
   272 | D:1      | Reached XP level 2. HP: 29/29 MP: 1/1
   760 | D:2      | Reached skill level 5 in Unarmed Combat
   760 | D:2      | Reached XP level 3. HP: 36/36 MP: 2/2
  1092 | D:2      | Found a shadowy altar of Dithmenos.
  1470 | D:3      | Reached XP level 4. HP: 37/44 MP: 2/2
  1722 | D:3      | Reached skill level 6 in Unarmed Combat
  1815 | D:3      | Noticed a phantom
  1845 | D:3      | Killed a phantom
  1845 | D:3      | Reached XP level 5. HP: 47/50 MP: 2/2
  1989 | D:4      | Noticed an ogre
  2007 | D:4      | Killed an ogre
  2007 | D:4      | Reached XP level 6. HP: 38/59 MP: 3/3
  2894 | D:4      | Noticed Prince Ribbit
  2902 | D:4      | Killed Prince Ribbit
  2902 | D:4      | Reached skill level 5 in Throwing
  2902 | D:4      | Reached XP level 7. HP: 51/66 MP: 3/3
  3093 | D:5      | Entered Level 5 of the Dungeon
  3185 | D:5      | Found a sand-covered staircase.
  3190 | Ossuary  | Entered an ossuary
  3290 | Ossuary  | Reached skill level 7 in Unarmed Combat
  3488 | D:5      | Found a blossoming altar of Fedhas.
  3865 | D:6      | Reached skill level 8 in Unarmed Combat
  3865 | D:6      | Reached XP level 8. HP: 40/74 MP: 3/3
  4046 | D:6      | Found a sacrificial altar of Ru.
  4170 | D:6      | Got a smoking mace
  4237 | D:6      | Got a slimy halberd
  4353 | D:6      | Identified the +2 mace of the Valley of Death {holy, rPois+ rC- Str+4 Int-5 Dex-3} (You found it on level 6 of the Dungeon)
  4354 | D:6      | Identified the +9 halberd of Instant Death {chop, Str+3} (You found it on level 6 of the Dungeon)
  4919 | D:7      | Reached skill level 9 in Unarmed Combat
  5183 | D:7      | Reached XP level 9. HP: 79/83 MP: 4/4
  5934 | D:7      | Found a staircase to the Ecumenical Temple.
  5944 | Temple   | Entered the Ecumenical Temple
  5986 | Temple   | Became a worshipper of Qazlal Stormbringer
  5986 | Temple   | Acquired Qazlal's first power
  5986 | Temple   | Acquired Qazlal's second power
  6102 | D:8      | Reached skill level 1 in Invocations
  6144 | D:8      | Noticed a gargoyle
  6166 | D:8      | Killed from afar by a gargoyle

Action                   |  1- 3 |  4- 6 |  7- 9 || total
-------------------------+-------+-------+-------++-------
Melee: Unarmed           |    99 |    80 |   396 ||   575
 Fire: Blowgun           |       |       |     9 ||     9
Throw: Stone             |       |    14 |    16 ||    30
       Large rock        |       |     1 |       ||     1
  Use: Scroll            |       |       |     1 ||     1
 Stab: Sleeping          |     2 |     1 |     1 ||     4
       Distracted        |       |       |     1 ||     1
  Eat: Chunk             |    17 |     8 |    29 ||    54
